 Dungeon Crawl Stone Soup version 0.29-a0-649-g45c230d69a (webtiles) character file.

Game seed: 15029557555630435619

56 KristoblXynda the Ruffian (level 3, -1/33 HPs)
             Began as a Draconian Monk on June 21, 2022.
             Slain by Terence
             ... wielding a +0 flail
              (10 damage)
             ... on level 3 of the Dungeon.
             The game lasted 00:02:22 (1951 turns).

KristoblXynda the Ruffian (Draconian Monk)          Turns: 1951, Time: 00:02:23

Health: -1/33      AC:  5    Str: 15    XL:     3   Next: 69%
Magic:  3/3        EV: 13    Int: 10    God:
Gold:   97         SH:  0    Dex: 13    Spells: 0/2 levels left

rFire   . . .      SeeInvis .     - Unarmed
rCold   . . .      Faith    .   (no shield)
rNeg    . . .      Spirit   .   (body armour unavailable)
rPois   .          Reflect  .   (helmet restricted)
rElec   .          Harm     .   (no cloak)
rCorr   .          Rampage  .   (no gloves)
Will    .....                   (no boots)
Stlth   ++........              (no amulet)
HPRegen 0.11/turn               k - ring of wizardry
MPRegen 0.08/turn               (no ring)

@: about to teleport
A: AC +5, unfitting armour, cold-blooded
a: no special abilities


You were on level 3 of the Dungeon.
You visited 1 branch of the dungeon, and saw 3 of its levels.

You collected 97 gold pieces.

Inventory:

Jewellery
 k - a ring of wizardry (left hand)
Scrolls
 b - 2 scrolls of teleportation
 e - a scroll of vulnerability {unknown}
 g - a scroll of amnesia {unknown}
 h - a scroll of silence {unknown}
 l - a scroll of identify {unknown}
 n - a scroll of enchant armour {unknown}
Potions
 a - a potion of ambrosia
 c - a potion of brilliance {unknown}
 d - a potion of heal wounds
 i - a potion of berserk rage {unknown}
 m - a potion of lignification {unknown}


   Skills:
 + Level 3.8 Fighting
 + Level 3.1 Dodging
 - Level 1.7 Stealth
 * Level 4.0 Unarmed Combat


You couldn't memorise any spells.
You knew the following spells:

 Your Spells              Type           Power      Damage    Failure   Level
a - Wereblood             Tmut           0%         N/A       22%         2

Your spell library contained the following spells:

 Spells                   Type           Power      Damage    Failure   Level
 Sublimation of Blood     Necr           0%         N/A       22%         2
 Dispersal                Tloc           0%         N/A       100%        6
 Summon Hydra             Summ           0%         N/A       100%        7
 Disjunction              Tloc           0%         N/A       100%        8


Dungeon Overview and Level Annotations

Branches:
Dungeon (3/15)

Altars:

Annotations:
D:3 Terence


Innate Abilities, Weirdness & Mutations

Your plain brown scales are hard. (AC +5)
You cannot fit into any form of body armour.
You are cold-blooded and may be slowed by cold attacks.


Message History

Terence is lightly wounded.
Terence completely misses you.
You completely miss Terence.
Terence is lightly wounded.
Terence hits you with a +0 flail.
You hit Terence but do no damage.
Terence is lightly wounded.
Terence hits you with a +0 flail.
Unknown command.
You hit Terence but do no damage.
Terence is lightly wounded.
Terence closely misses you.
You hit Terence but do no damage.
Terence is lightly wounded.
Terence misses you.
You barely miss Terence.
Your tail-slap misses Terence.
Terence is lightly wounded.
Terence barely misses you.
You hit Terence but do no damage.
Terence is lightly wounded.
Terence hits you with a +0 flail. Terence looks scornfully at you.
Your extra speed is starting to run out.
Terence says, "You're history."
Found a crystal flail.
You hear the slow rusting of a very distant drain.
You feel yourself slow down.
You see here the +4 flail of Annihilation {vorpal, *Slow rCorr Str-3 SInv}.
Found 9 gold pieces.
You see here 9 gold pieces.
Terence screams, "I'm going to kill you!"
As you read the scroll labelled IDUVASCH ESANTO, it crumbles to dust.
You feel strangely unstable.
It was a scroll of teleportation.
Unknown command.
Terence says, "How do you enjoy it?" Terence attacks as you move away!
Terence hits you with a +0 flail. Terence attacks as you move away!
Terence hits you with a +0 flail.
* * * LOW HITPOINT WARNING * * *
Terence attacks as you move away! Terence hits you with a +0 flail!
You die...

###########
#..@.......
##@########
#.# ###
#.########.###
#.##.........#
#.##.#####.#.#
#.##)#....<#.#
#.##.#.#...#.#
#.##.#.#.#.#.#


You could see Terence.

Vanquished Creatures
  3 endoplasms (D:1)
  3 giant cockroaches
  3 goblins
  6 hobgoblins
  3 jackals (D:1)
  5 kobolds
  2 quokkas (D:2)
  9 ball pythons
  8 bats
  7 frilled lizards
  4 rats
53 creatures vanquished.

Notes
Turn   | Place    | Note
-------+----------+-------------------------------------------
     0 | D:1      | KristoblXynda the Draconian Monk began the quest for the
                  | Orb.
     0 | D:1      | Reached XP level 1. HP: 19/19 MP: 1/1
   356 | D:1      | Reached XP level 2. HP: 24/26 MP: 2/2
   434 | D:1      | Found a faded altar of an unknown god.
  1029 | D:1      | Reached XP level 3. HP: 31/31 MP: 3/3
  1575 | D:2      | Reached skill level 4 in Unarmed Combat
  1722 | D:2      | Learned a level 2 spell: Wereblood
  1878 | D:3      | Noticed Terence
  1934 | D:3      | Identified the +4 flail of Annihilation {vorpal, *Slow
                  | rCorr Str-3 SInv}
  1951 | D:3      | Slain by Terence

Illustrated notes

Levels and vault maps discovered:
D:1:      minmay_arrival_stone_box, layout_loops_corners,
          chequers_ecumenical_altar_island
D:2:      layout_rooms
D:3:      layout_basic, mainiacjoe_overflow_paths, cheibrodos_sewer_entry_drain,
          uniq_terence

Skill      XL: |  1  2  3 |
---------------+----------+-----
Dodging        | 3 |  3.1
Unarmed Combat | 4 |  4.0
Fighting       | |  3.8
Stealth        | |  1.7

Action                   || total
-------------------------++-------
Melee: Unarmed           ||   163
       Tailslap          ||    14
       Punch             ||     1
  Use: Potion            ||     5
       Scroll            ||     1
 Stab: Sleeping          ||     9
       Distracted        ||     1
Armor: Skin              ||    51
Dodge: Dodged            ||   111

Table legend: (Time is in decaauts)
 A = Elapsed time spent in this place.
 B = Non-inter-level travel time spent in this place.
 C = Inter-level travel time spent in this place.
 D = Time resting spent in this place.
 E = Time spent auto-exploring this place.
 F = Levels seen in this place.
 G = Mean time per level.
                   A        B        C        D        E       F      G
               +--------+--------+--------+--------+--------+-----+--------+
         Total |   1929 |   1896 |     33 |      0 |   1498 |   3 |  643.0 |
       Dungeon |   1929 |   1896 |     33 |      0 |   1498 |   3 |  643.0 |
               +--------+--------+--------+--------+--------+-----+--------+

Top non-repeatable levels by time:
     D:1: 1400 daAuts
     D:2: 461 daAuts
     D:3: 67 daAuts
